 Dungeon Crawl Stone Soup version 0.22-b1-59-g0aedee7 (webtiles) character file.

21 goulibeur the Unweaver (level 2, 0/24 HPs)
             Began as a Demonspawn Abyssal Knight on Aug 9, 2018.
             Was a Follower of Lugonu.
             Slain by a gnoll
             ... wielding a +2 flail of protection
              (1 damage)
             ... on level 1 of the Dungeon.
             The game lasted 00:02:13 (759 turns).

goulibeur the Unweaver (Demonspawn Abyssal Knight)   Turns: 759, Time: 00:02:14

Health: 0/24       AC:  4    Str: 12    XL:     2   Next: 65%
Magic:  4/4        EV: 11    Int: 13    God:    Lugonu [*.....]
Gold:   38         SH:  0    Dex: 12    Spells: 1/1 levels left

rFire    . . .     SeeInvis .   a - +1 short sword
rCold    . . .     Gourm    .   (no shield)
rNeg     . . .     Faith    .   b - +0 leather armour
rPois    .         Spirit   .   i - +0 helmet
rElec    .         Reflect  .   (no cloak)
rCorr    .         Harm     .   (no gloves)
MR       .....                  (no boots)
Stlth    ++........             (no amulet)
HPRegen  0.08/turn              (no ring)
MPRegen  0.09/turn              (no ring)

@: no status effects
A: nightstalker 1
a: Depart the Abyss, Renounce Religion


You were on level 1 of the Dungeon.
You worshipped Lugonu.
Lugonu was aware of your devotion.
You were not hungry.

You visited 1 branch of the dungeon, and saw 1 of its levels.
You visited the Abyss 1 time.

You collected 38 gold pieces.

Inventory:

Hand Weapons
 a - a +1 short sword (weapon)
Armour
 b - a +0 leather armour (worn)
 i - a +0 helmet (worn)
Jewellery
 f - an uncursed ring of ice
Scrolls
 h - a scroll of identify {unknown}
 j - a scroll of remove curse {unknown}
Potions
 e - 2 potions of curing {unknown}
 g - 2 potions of brilliance {unknown}
Comestibles
 c - a ration
 d - 6 chunks of flesh


   Skills:
 + Level 3.2 Fighting
 - Level 1.7 Short Blades
 + Level 2.0 Armour
 + Level 1.2 Dodging
 * Level 3.3 Invocations


You had one spell level left.
You didn't know any spells.
Your spell library was empty.

Dungeon Overview and Level Annotations

Branches:
Dungeon (1/15)

Altars:


Innate Abilities, Weirdness & Mutations

You are slightly more attuned to the shadows.


Message History

You hit the gnoll but do no damage.
The gnoll is severely wounded.
The gnoll hits you with a flail of protection!
You barely miss the gnoll.
The gnoll is severely wounded.
The gnoll hits you with a flail of protection.
You hit the gnoll.
The gnoll is almost dead.
You closely miss the gnoll.
The gnoll is almost dead.
The gnoll hits you with a flail of protection!
* * * LOW HITPOINT WARNING * * *
You hit the gnoll but do no damage.
The gnoll is almost dead.
The gnoll barely misses you.
Some of the chunks of flesh in your inventory have rotted away.
You hit the gnoll but do no damage.
The gnoll is almost dead.
The gnoll hits you with a flail of protection.
You die...

# ######.#.#♣P...≈# #
#....>...#♣♣...≈# #
###.#.#..#.# #
#..........####
####.#.#.#.##..#.#
..##.#.....##..#..
#.##.#.###.##..#.#
#.##..## ##....#g#
#....## ##...#@#
.(....## ##.#..#.#####
.......###.##..........
#.......#...........##.
#.#..............##.#
#.#####.......#### .#
..# ##......# # ###
##...#... #.)##.##


You could see a gnoll.

Vanquished Creatures
  2 bats (D:1)
  5 goblins (D:1)
  2 hobgoblins (D:1)
  4 jackals (D:1)
  A frilled lizard (D:1)
  3 kobolds (D:1)
  2 rats (D:1)
19 creatures vanquished.

Notes
Turn   | Place    | Note
-------+----------+-------------------------------------------
     0 | Abyss:1  | goulibeur the Demonspawn Abyssal Knight began the quest for the Orb.
     0 | Abyss:1  | Reached XP level 1. HP: 18/18 MP: 2/2
    33 | Abyss:1  | Noticed a tentacled starspawn
    33 | Abyss:1  | Noticed a balrug
    34 | D:1      | Escaped the Abyss
    59 | D:1      | Reached skill level 1 in Dodging
    69 | D:1      | Reached * piety under Lugonu
   307 | D:1      | Gained mutation: You are slightly more attuned to the shadows. [demonic ancestry]
   307 | D:1      | Reached XP level 2. HP: 19/24 MP: 4/4
   757 | D:1      | HP: 1/24 [gnoll/flail of protection (10)]
   759 | D:1      | Slain by a gnoll

Skill      XL: |  1  2 |
---------------+-------+-----
Dodging        | 1 |  1.2
Invocations    | 3 |  3.3
Armour         | 2 |  2.0
Fighting       | |  3.2
Short Blades   | |  1.7

Action                   || total
-------------------------++-------
Melee: Short sword       ||    64
Invok: Depart the Abyss  ||     1
Armor: Leather armour    ||    21
Dodge: Dodged            ||    32
